 Dungeon Crawl Stone Soup version 0.20-b1-18-gaa2fd62 (webtiles) character file.

3742 potatolord6000 the Blocker (level 10, -6/84 HPs)
             Began as a Formicid Fighter on May 24, 2017.
             Was an Initiate of Cheibriados.
             Mangled by Nattefrost's ghost (8 damage)
             ... on level 8 of the Dungeon.
             The game lasted 00:28:32 (6384 turns).

potatolord6000 the Blocker (Formicid Fighter)       Turns: 6384, Time: 00:28:33

Health: -6/84      AC: 13    Str: 23 (25) XL:     10   Next: 37%
Magic:  7/10       EV:  8    Int:  8 (9)  God:    Cheibriados [......]
Gold:   69         SH: 16    Dex: 14 (15) Spells: 9/9 levels left

rFire    . . .     SeeInvis +   p - +0 hand axe
rCold    + . .     Gourm    .   c - +0 shield
rNeg     . . .     Faith    +   d - +0 chain mail
rPois    .         Spirit   .   (helmet unavailable)
rElec    .         Reflect  .   q - +0 cloak
rCorr    .         Harm     .   (no gloves)
MR       +....                  (no boots)
Stlth    ..........             t - amulet of faith
Regen    0.3/turn               a - +4 ring of dexterity
MPRegen  0.2/turn               (no ring)

@: very slow
A: permanent stasis, dig shafts and tunnels, four strong arms, antennae 3, large
bone plates 1, rugged brown scales 1, cold resistance 1
a: Dig, Shaft Self, Bend Time, Renounce Religion


You were on level 8 of the Dungeon.
You worshipped Cheibriados.
Cheibriados was noncommittal.
You were very full.

You visited 2 branches of the dungeon, and saw 9 of its levels.

You collected 230 gold pieces.
You spent 161 gold pieces at shops.

Inventory:

Hand Weapons
 p - a +0 hand axe (weapon)
Armour
 c - a +0 shield (worn)
 d - a +0 chain mail (worn)
 q - a +0 cloak (worn)
Jewellery
 a - a +4 ring of dexterity (left hand)
 t - an amulet of faith (around neck)
Scrolls
 b - a scroll of amnesia {unknown}
 k - a scroll of magic mapping
 n - a scroll of enchant armour {unknown}
 r - 2 scrolls of fear
 u - a scroll of remove curse
 v - a scroll of recharging
Potions
 l - a potion of haste
Comestibles
 f - 4 bread rations
 i - 11 royal jellies


   Skills:
 + Level 8.8 Fighting
 + Level 1.1 Axes
   Level 0.0(4.3) Polearms
   Level 6.9 Staves
 + Level 8.6 Armour
 + Level 9.3 Shields


You had 9 spell levels left.
You didn't know any spells.

Dungeon Overview and Level Annotations

Branches:
Dungeon (8/15)             Temple (1/1) D:7
   Lair: D:8-11

Altars:
Ashenzari
Cheibriados
Elyvilon
Fedhas
Hepliaklqana
Kikubaaqudgha
Makhleb
Nemelex Xobeh
Okawaru
Qazlal
Ru
Sif Muna
Trog
Uskayaw
Xom
Yredelemnul
Zin
The Shining One

Shops:
D:6 (

Annotations:
D:8 Nattefrost's ghost, novice MiGl


Innate Abilities, Weirdness & Mutations

You cannot be hasted, slowed, berserked, paralysed or teleported.
You can dig through walls and to a lower floor.
Your four strong arms can wield two-handed weapons with a shield.
You have a pair of large antennae on your head. (SInv)
You are partially covered in large bone plates. (SH +4)
You are partially covered in rugged brown scales. (AC +1, +3% HP)
Your flesh is cold resistant. (rC+)


Message History

Nattefrost's ghost is almost destroyed.
You block Nattefrost's ghost's attack. Nattefrost's ghost hits you!
* * * LOW HITPOINT WARNING * * *
You barely miss Nattefrost's ghost.
Nattefrost's ghost is almost destroyed.
Nattefrost's ghost hits you!
* * * LOW HITPOINT WARNING * * *
Okay, then.
The flow of time bends around you.
Nattefrost's ghost resists with some effort.
You feel slightly less full. Nattefrost's ghost barely misses you.
Okay, then.
Okay, then.
Okay, then.
As you read the scroll of fear, it crumbles to dust.
You assume a fearsome visage.
Nattefrost's ghost is unaffected.
You block Nattefrost's ghost's attack.
Okay, then.
Nattefrost's ghost hits you!
You die...

###......# .# #...=.#[.#
#.# #.....#..#####..
#.............. .
##....<..##.#.# .<
#............[....##.#
......###.##..!...)...##
...............W........
.#.## ###.##>#..@.......
# #..##.#........##
#.###.###.....## #. ..#
#.##### ### #.# #.# #.#
#.#


You could see Nattefrost's ghost.

Vanquished Creatures
  The ghost of edgar the Covert, a novice SpVM (D:6)
  The ghost of feelmyfire the Vexing, a novice VSEn of Ashenzari (D:5)
  Sigmund (D:6)
  A human (D:7)
  Eustachio (D:6)
  A yak (D:7)
  3 hogs (D:7)
  Duvessa (D:6)
  An orc warrior (D:7)
  3 sky beasts (D:6)
  2 ice beasts (D:7)
  2 phantoms
  A necrophage (D:3)
  A centaur (D:7)
  2 bullfrogs (D:6)
  3 scorpions
  Dowan (D:6)
  A jelly (D:6)
  4 hounds
  A bullfrog zombie (D:6)
  2 orc priests
  2 orc wizards (D:7)
  Crazy Yiuf (D:3)
  2 bullfrog skeletons
  2 iguanas
  3 worker ants (D:6)
  A hound skeleton (D:5)
  A worker ant zombie (D:5)
  7 gnolls
  5 adders
  2 shadow imps (D:6)
  An adder zombie (D:5)
  2 adder skeletons (D:4)
  3 worms
  2 leopard geckos
  21 orcs
  7 giant cockroaches
  A goblin (D:2)
  5 hobgoblins
  6 jackals
  3 quokkas
  A ball python (D:3)
  3 bats (D:1)
  4 frilled lizards
  2 kobolds (D:1)
  A quokka zombie (D:7)
  4 rats
  2 fungi (D:3)
128 creatures vanquished.

Notes
Turn   | Place    | Note
-------+----------+-------------------------------------------
     0 | D:1      | potatolord6000 the Formicid Fighter began the quest for the Orb.
     0 | D:1      | Reached XP level 1. HP: 18/18 MP: 1/1
    82 | D:1      | Reached XP level 2. HP: 17/24 MP: 2/2
   365 | D:2      | Found a shattered altar of Ashenzari.
   492 | D:2      | Reached XP level 3. HP: 26/30 MP: 3/3
   580 | D:2      | Reached skill level 4 in Shields
   697 | D:3      | Noticed a necrophage
   711 | D:3      | Killed a necrophage
   711 | D:3      | Reached XP level 4. HP: 34/37 MP: 4/4
   711 | D:3      | Reached XP level 5. HP: 39/42 MP: 5/5
  1427 | D:3      | Found a runed door.
  1431 | D:3      | Noticed Crazy Yiuf
  1436 | D:3      | Killed Crazy Yiuf
  1436 | D:3      | Reached XP level 6. HP: 49/49 MP: 6/6
  1745 | D:4      | Noticed a phantom
  1759 | D:4      | Killed a phantom
  1759 | D:4      | Reached skill level 5 in Fighting
  1759 | D:4      | Reached skill level 5 in Shields
  1829 | D:4      | Reached XP level 7. HP: 56/56 MP: 7/7
  2050 | D:4      | You fall through a shaft!
  2050 | D:5      | Entered Level 5 of the Dungeon
  2128 | D:5      | Reached skill level 5 in Armour
  2703 | D:5      | Noticed feelmyfire's ghost (novice VSEn)
  2713 | D:5      | Killed feelmyfire's ghost
  2713 | D:5      | Reached XP level 8. HP: 64/64 MP: 8/8
  2787 | D:6      | Found a burning altar of Makhleb.
  2811 | D:6      | Reached skill level 5 in Staves
  2811 | D:6      | Reached skill level 6 in Shields
  2878 | D:6      | Noticed Eustachio
  2891 | D:6      | Killed Eustachio
  3386 | D:6      | Noticed Duvessa
  3387 | D:6      | Noticed Dowan
  3397 | D:6      | Killed Dowan
  3397 | D:6      | Reached XP level 9. HP: 68/71 MP: 9/9
  3405 | D:6      | Killed Duvessa
  3405 | D:6      | Reached skill level 7 in Shields
  3414 | D:6      | Noticed Sigmund
  3426 | D:6      | Killed Sigmund
  3620 | D:6      | Gained mutation: You are agile. (Dex +2) [mutagenic meat]
  3639 | D:6      | Gained mutation: You are partially covered in large bone plates. (SH +4) [mutagenic meat]
  3739 | D:6      | Noticed edgar's ghost (novice SpVM)
  3758 | D:6      | Killed edgar's ghost
  3758 | D:6      | Reached skill level 8 in Shields
  4148 | D:6      | Found Yfady's Antique Weapon Shop.
  4406 | D:7      | Found a staircase to the Ecumenical Temple.
  4479 | Temple   | Entered the Ecumenical Temple
  4598 | Temple   | Became a worshipper of Cheibriados the Contemplative
  4734 | D:7      | Fell from the grace of Cheibriados
  4734 | D:7      | Reached XP level 10. HP: 64/80 MP: 10/10
  4755 | D:7      | Reached skill level 9 in Shields
  4870 | Temple   | Became a worshipper of Cheibriados the Contemplative
  5262 | D:6      | Bought a glowing quarterstaff for 161 gold pieces
  5936 | D:7      | Reached skill level 1 in Axes
  6287 | D:8      | Noticed Nattefrost's ghost (novice MiGl)
  6302 | D:8      | Lost mutation: You are agile. (Dex +2) [potion of mutation]
  6302 | D:8      | Gained mutation: Your flesh is cold resistant. (rC+) [potion of mutation]
  6302 | D:8      | Gained mutation: You are partially covered in rugged brown scales. (AC +1, +3% HP) [potion of mutation]
  6380 | D:8      | HP: 1/84 [Nattefrost's ghost (10)]
  6384 | D:8      | Mangled by Nattefrost's ghost

Skill      XL: |  1  2  3  4  5  6  7  8  9 10 |
---------------+-------------------------------+-----
Shields        | 4 5 6 8 9 |  9.3
Fighting       | 4 5 6 8 |  8.8
Staves         | 3 4 5 6 |  6.9
Armour         | 4 5 6 7 8 |  8.6
Axes           | 1 |  1.1

Action                   |  1- 3 |  4- 6 |  7- 9 | 10-12 || total
-------------------------+-------+-------+-------+-------++-------
Melee: Quarterstaff      |    76 |   114 |   244 |    20 ||   454
       Hand axe          |       |       |       |   153 ||   153
Invok: Bend Time         |       |       |       |     1 ||     1
 Abil: Dig               |     9 |     7 |    10 |       ||    26
       Shaft Self        |       |       |     1 |       ||     1
  Use: Potion            |       |       |     1 |    10 ||    11
       Scroll            |       |       |     8 |     1 ||     9
 Stab: Paralysed         |       |     4 |     3 |       ||     7
       Confused          |       |       |     1 |     2 ||     3
  Eat: Meat ration       |       |     2 |     1 |     2 ||     5
       Bread ration      |       |     1 |     1 |       ||     2
       Chunk             |       |       |     2 |       ||     2
       Fruit             |       |       |       |     2 ||     2
Armor: Scale mail        |    36 |    40 |    18 |       ||    94
       Ring mail         |       |       |    25 |       ||    25
       Chain mail        |       |       |    40 |    42 ||    82
       Skin              |       |       |       |    19 ||    19
Dodge: Dodged            |    24 |    34 |    73 |    36 ||   167
Block: Shield            |    58 |    41 |   141 |   137 ||   377
